 Dungeon Crawl Stone Soup version 0.23-a0-321-g6bcb69f (webtiles) character file.

867 Amnesiac the Geomancer (level 7, -2/55 HPs)
             Began as a Deep Dwarf Earth Elementalist on Oct 15, 2018.
             Was an Initiate of Vehumet.
             Killed by divine providence
             ... invoked by an orc priest
              (13 damage)
             ... on level 4 of the Dungeon.
             The game lasted 00:17:24 (3734 turns).

Amnesiac the Geomancer (DDEE)                       Turns: 3734, Time: 00:17:25

Health: -2/55      AC:  9    Str: 11    XL:     7   Next: 73%
Magic:  13/13      EV: 12    Int: 18    God:    Vehumet [......]
Gold:   270        SH:  0    Dex: 13    Spells: 2/14 levels left

rFire    . . .     SeeInvis +   t - +0 battleaxe (elec)
rCold    . . .     Gourm    .   (shield currently unavailable)
rNeg     . . .     Faith    .   h - +0 leather armour (curse)
rPois    .         Spirit   .   (no helmet)
rElec    .         Reflect  .   j - +2 cloak
rCorr    .         Harm     +   e - +2 pair of gloves
MR       +....                  (no boots)
Stlth    ++........             p - amulet of harm
HPRegen  0.00/turn              o - ring of see invisible
MPRegen  0.13/turn              (no ring)

@: non-regenerating
A: damage resistance, heal wounds, sense surroundings 1, no regeneration
a: Heal Wounds, Renounce Religion


You were on level 4 of the Dungeon.
You worshipped Vehumet.
Vehumet was noncommittal.
You were not hungry.

You visited 2 branches of the dungeon, and saw 5 of its levels.

You collected 274 gold pieces.
You spent 4 gold pieces at shops.

Inventory:

Hand Weapons
 a - a +0 dagger
 b - a +0 hunting sling
 t - a +0 battleaxe of electrocution (weapon)
Missiles
 f - 38 sling bullets
Armour
 e - a +2 pair of gloves (worn)
 h - a cursed +0 leather armour (worn)
 j - a +2 cloak (worn)
 m - a +1 plate armour
Jewellery
 o - a ring of see invisible (left hand)
 p - an amulet of harm (around neck)
Wands
 s - a wand of flame (18)
Scrolls
 c - a scroll of amnesia {!r}
 k - a scroll of magic mapping {!r}
 n - a scroll of teleportation {!r}
 q - a scroll of enchant armour {!r}
 r - 2 scrolls of fog {!r}
Potions
 g - a potion of magic {!q}
Comestibles
 d - 10 rations
 i - 4 chunks of flesh


   Skills:
 - Level 0.5 Short Blades
 - Level 2.4 Dodging
 - Level 2.5 Stealth
 + Level 4.4 Spellcasting
 - Level 1.0 Transmutations
 * Level 10.0 Earth Magic


You had 2 spell levels left.
You knew the following spells:

 Your Spells              Type           Power        Failure   Level  Hunger
a - Sandblast             Erth           #####.       1%          1    None
b - Passwall              Tmut/Erth      ###.....     3%          2    #......
d - Lee's Rapid Deconstr  Erth           #####.....   9%          5    ######.
e - Petrify               Tmut/Erth      ###.....     19%         4    ####...

Your spell library contained the following spells:

 Spells                   Type           Power        Failure   Level  Hunger
 Corona                   Hex            #......      19%         1    None
 Ensorcelled Hibernation  Hex/Ice        #.....       28%         2    #......
 Stone Arrow              Conj/Erth      ###...       7%          3    ###....
 Confuse                  Hex            #.......     50%         3    ###....
 Dazzling Spray           Conj/Hex       #.....       50%         3    ###....
 Tukima's Dance           Hex            #.......     50%         3    ###....


Dungeon Overview and Level Annotations

Branches:
Dungeon (4/15)             Temple (1/1) D:4

Altars:
Cheibriados
Dithmenos
Elyvilon
Fedhas
Gozag
Hepliaklqana
Kikubaaqudgha
Makhleb
Nemelex Xobeh
Okawaru
Qazlal
Sif Muna
Trog
Uskayaw
Vehumet
Xom
Yredelemnul
Zin
The Shining One

Shops:
D:4 (

Annotations:
D:2 Terence


Innate Abilities, Weirdness & Mutations

You are resistant to damage.
You can heal yourself by infusing magical energy.
You passively map a small area around you.
You do not regenerate.


Message History

The blast of sand hits Pikel.
Pikel is heavily wounded.
l - 3 stones
Casting: Sandblast (safe; 1% risk of failure)
Confirm with . or Enter, or press ? or * to list all spells.
Aiming: Sandblast (safe; 1% risk of failure)
Press: ? - help, Shift-Dir - straight line, f/p - Pikel
Aim: Pikel, wielding a +2 whip of freezing and wearing a +0 robe (heavily The blast of sand hits Pikel.
Pikel is heavily wounded.
l - 2 stones Pikel hits you but does no damage.
Casting: Sandblast (safe; 1% risk of failure)
Confirm with . or Enter, or press ? or * to list all spells.
Aiming: Sandblast (safe; 1% risk of failure)
Press: ? - help, Shift-Dir - straight line, f/p - Pikel
Aim: Pikel, wielding a +2 whip of freezing and wearing a +0 robe (heavily The blast of sand hits Pikel.
Pikel is severely wounded.
l - a stone Pikel closely misses you.
Casting: Sandblast (safe; 1% risk of failure)
Confirm with . or Enter, or press ? or * to list all spells.
Aiming: Sandblast (safe; 1% risk of failure)
Press: ? - help, Shift-Dir - straight line, f/p - Pikel
Aim: Pikel, wielding a +2 whip of freezing and wearing a +0 robe (severely The blast of sand hits Pikel.
You kill Pikel!
Vehumet accepts your kill.
Your Spellcasting skill increases to level 4!
Your Earth Magic skill gained 2 levels and is now at level 10!
You have reached level 7!
You now have no stones remaining.
Casting: Sandblast (safe; 1% risk of failure)
Confirm with . or Enter, or press ? or * to list all spells.
Okay, then.
Casting: Sandblast (safe; 1% risk of failure)
Confirm with . or Enter, or press ? or * to list all spells.
Aiming: Lee's Rapid Deconstruction (slightly dangerous; 9% risk of failure)
Press: ? - help, Dir - move target cursor A rock wall.
The wall shatters!
The blast of rock fragments hits the orc priest.
The orc priest is almost dead.
The orc priest calls down the wrath of Beogh upon you.
Beogh smites you!
* * * LOW HITPOINT WARNING * * *
Things that are here:
a +0 animal skin; a human skeleton An orc comes into view.
It is wielding a +0 mace.
There is a stone staircase leading up here.
Okay, then.
You climb upwards.
There is a stone staircase leading down here.
You start resting.
Magic restored.
Done exploring.
Done exploring.
You start resting.
Magic restored.
You climb downwards.
The orc priest invokes the aid of Beogh against you.
Beogh smites you!
You die...

*..........###
*##.#.......##
#..........# #÷.........#
#÷.....#...#
###.#...###.##
####...)..## ##.#
####......#...###.###
#####...@##..###...#.....
#.....#..####.......#####
#....##..##_'.###..######
#..∩.##..####......[....#
#............####..####.#
####.##..##..####..# .#
#.##..##..##....####.#
#.#...o..............#
#.#....##.##...####K.#


You could see an orc priest.

Vanquished Creatures
  Pikel (D:4)
  4 slaves
  Blork the orc (D:4)
  A howler monkey (D:4)
  A crimson imp (D:3)
  2 hounds (D:4)
  An orc priest (D:4)
  An iguana (D:3)
  6 adders
  An adder skeleton (D:4)
  3 worms
  A dart slug (D:3)
  5 leopard geckos
  3 orcs
  2 ball pythons
  5 giant cockroaches
  12 hobgoblins
  15 jackals
  5 kobolds
  4 quokkas
  12 bats
  6 frilled lizards
  4 goblins
  A jackal skeleton (D:4)
  A leopard gecko skeleton (D:4)
  7 rats
105 creatures vanquished.

Notes
Turn   | Place    | Note
-------+----------+-------------------------------------------
     0 | D:1      | Amnesiac the Deep Dwarf Earth Elementalist began the quest
                  | for the Orb.
     0 | D:1      | Reached XP level 1. HP: 15/15 MP: 3/3
   147 | D:2      | Noticed Terence
   217 | D:1      | Reached XP level 2. HP: 22/22 MP: 0/5
   277 | D:1      | Learned a level 2 spell: Passwall
   313 | D:2      | Reached skill level 1 in Transmutations
   608 | D:2      | Reached XP level 3. HP: 22/28 MP: 0/6
   724 | D:2      | Reached skill level 5 in Earth Magic
   754 | D:4      | Found a staircase to the Ecumenical Temple.
   754 | D:4      | Noticed Pikel
   754 | D:4      | Noticed a slave
   754 | D:4      | Noticed a slave
   754 | D:4      | Noticed a slave
   754 | D:4      | Noticed a slave
   761 | D:3      | Reached XP level 4. HP: 28/36 MP: 1/7
  1095 | D:4      | Reached skill level 6 in Earth Magic
  1120 | D:4      | Reached XP level 5. HP: 25/42 MP: 6/9
  1127 | D:4      | Learned a level 5 spell: Lee's Rapid Deconstruction
  1128 | D:4      | Found Podal's Weapon Shop.
  1148 | D:4      | Bought 4 stones for 4 gold pieces
  2954 | D:3      | Reached skill level 7 in Earth Magic
  2976 | D:3      | Killed a slave
  3129 | Temple   | Entered the Ecumenical Temple
  3224 | Temple   | Became a worshipper of Vehumet
  3278 | D:4      | Killed a slave
  3295 | D:3      | Killed a slave
  3389 | D:4      | Reached XP level 6. HP: 20/49 MP: 4/10
  3410 | D:4      | Noticed Blork the orc
  3417 | D:4      | Killed Blork the orc
  3417 | D:4      | Reached skill level 8 in Earth Magic
  3594 | D:4      | Found a shimmering altar of Xom.
  3606 | D:4      | Killed a slave
  3629 | D:4      | Learned a level 4 spell: Petrify
  3645 | D:4      | Killed Pikel
  3645 | D:4      | Reached skill level 10 in Earth Magic
  3645 | D:4      | Reached XP level 7. HP: 30/55 MP: 6/13
  3734 | D:4      | Killed from afar by an orc priest

Vault maps used:
D:1:      lemuel_arrival_cross, chequers_serial_rivers_marsh
D:2:      kennysheep_big_flooded_room, uniq_terence
D:3:      first_ration
D:4:      kennysheep_mini, temple_fountains, serial_shops, shop_coins,
          uniq_blork_the_orc, uniq_pikel, uniq_natasha
Temple:   regret_index_temple_mists

Skill      XL: |  1  2  3  4  5  6 |
---------------+-------------------+-----
Spellcasting   | 2 3 4 |  4.4
Transmutations | 1 |  1.0
Earth Magic    | 5 6 7 10 | 10.0
Short Blades   | |  0.5
Dodging        | |  2.4
Stealth        | |  2.5

Action                   |  1- 3 |  4- 6 |  7- 9 || total
-------------------------+-------+-------+-------++-------
Melee: Dagger            |    18 |    29 |       ||    47
 Fire: Hunting sling     |    30 |   109 |       ||   139
 Cast: Sandblast         |    32 |    73 |     1 ||   106
       Passwall          |       |     1 |       ||     1
       Lee's Rapid Decon |       |       |     1 ||     1
 Abil: Heal Wounds       |       |     1 |       ||     1
  Use: Scroll            |       |     9 |       ||     9
       Potion            |       |     2 |       ||     2
 Stab: Sleeping          |     3 |     1 |       ||     4
  Eat: Chunk             |       |    10 |       ||    10
Armor: Robe              |     9 |       |       ||     9
       Leather armour    |    18 |    37 |       ||    55
Dodge: Dodged            |    49 |    81 |       ||   130

Table legend:
 A = Non-vault XP
 B = Vault XP
 C = Vault XP percentage of total XP
 D = Non-vault monster count
 E = Vault monster count
 F = Vault count percentage of total count
                 A         B        C        D         E       F
            +---------+---------+-------+---------+---------+-------
      Total |     511 |     728 |  58.8 |      97 |       4 |   4.0
            +---------+---------+-------+---------+---------+-------
        D:1 |      44 |       0 |   0.0 |      28 |       0 |   0.0
        D:2 |      92 |       3 |   3.2 |      28 |       2 |   6.7
        D:3 |     170 |       0 |   0.0 |      27 |       0 |   0.0
        D:4 |     205 |     725 |  78.0 |      14 |       2 |  12.5
            +---------+---------+-------+---------+---------+-------
